 Dungeon Crawl Stone Soup version 0.23-a0-319-gb40ba49 (webtiles) character file.

1242 Garbasso the Shield-Bearer (level 8, -1/54 HPs)
             Began as an Octopode Fighter on Oct 14, 2018.
             Was an Initiate of Makhleb.
             Slain by a centaur (4 damage)
             ... on level 6 of the Dungeon.
             The game lasted 00:20:45 (6796 turns).

Garbasso the Shield-Bearer (Octopode Fighter)       Turns: 6796, Time: 00:20:46

Health: -1/54      AC:  1    Str: 21    XL:     8   Next: 49%
Magic:  8/8        EV: 14    Int: 10    God:    Makhleb [......]
Gold:   396        SH: 10    Dex: 13    Spells: 7/7 levels left

rFire    + + .     SeeInvis .   a - +0 trident
rCold    . . .     Gourm    .   u - +0 shield
rNeg     . . .     Faith    .   (helmet restricted)
rPois    .         Spirit   .   (no amulet)
rElec    .         Reflect  .   s - ring of protection from fire
rCorr    .         Harm     .   w - ring of protection from fire
MR       .....                  (no ring)
Stlth    ++........             (no ring)
HPRegen  0.18/turn              (no ring)
MPRegen  0.11/turn              (no ring)
                                (no ring)
                                (no ring)

@: mighty
A: almost no armour, stealthy swim, amphibious, 8 rings, constrict 8, camouflage
1, gelatinous body 1
a: Renounce Religion


You were on level 6 of the Dungeon.
You worshipped Makhleb.
Makhleb was noncommittal.
You were not hungry.

You visited 1 branch of the dungeon, and saw 6 of its levels.

You collected 396 gold pieces.

Inventory:

Hand Weapons
 a - a +0 trident (weapon)
 b - a +0 hunting sling
Missiles
 f - 79 stones (quivered)
 i - 93 sling bullets
 k - a throwing net
Armour
 u - a +0 shield (worn)
Jewellery
 g - an uncursed ring of fire
 o - an uncursed ring of poison resistance {unknown}
 s - a ring of protection from fire (left tentacle)
 w - a ring of protection from fire (right tentacle)
Scrolls
 e - 6 scrolls of remove curse
 h - a scroll of magic mapping
 m - 2 scrolls of identify
 n - 2 scrolls of fog
 p - 2 scrolls of teleportation
 q - a scroll of enchant weapon {unknown}
 x - a scroll of noise {unknown}
Potions
 c - 2 potions of might
 j - 2 potions of mutation
 l - a potion of cancellation
 r - 3 potions of haste
 t - 2 potions of curing
 v - a potion of heal wounds {unknown}
 z - a potion of flight {unknown}
 B - a potion of agility {unknown}
Comestibles
 d - 8 rations
 A - 5 chunks of flesh


   Skills:
 + Level 4.9 Fighting
 * Level 6.1 Polearms
 + Level 4.9 Dodging
 * Level 6.3 Shields
 + Level 1.0 Invocations


You had 7 spell levels left.
You didn't know any spells.
Your spell library was empty.

Dungeon Overview and Level Annotations

Branches:
Dungeon (6/15)             Temple (0/1) D:6

Altars:
Cheibriados
Kikubaaqudgha
Makhleb
Qazlal

Shops:
D:5 }

Annotations:
D:2 Sigmund


Innate Abilities, Weirdness & Mutations

You cannot wear most types of armour.
You are very stealthy in the water. (Stealth+)
You are amphibious.
You can wear up to eight rings at the same time.
You can use your tentacles to constrict eight enemies at once.
Your skin changes colour to match your surroundings (Stealth+).
Your rubbery body absorbs attacks. (AC +1, EV +1)


Message History

You are too injured to fight recklessly!
You are too injured to fight recklessly!
You hit the centaur but do no damage.
The centaur unwields an uncursed shortbow.
The centaur barely misses you.
You hit the centaur.
The centaur is lightly wounded.
You block the centaur's attack. The centaur misses you.
You completely miss the centaur.
The centaur is lightly wounded.
The centaur closely misses you.
You hit the centaur.
The centaur is moderately wounded.
The centaur hits you!
* * * LOW HITPOINT WARNING * * *
The centaur hits you!
* * * LOW HITPOINT WARNING * * *
You feel very mighty all of a sudden. The centaur completely misses you.
The centaur hits you.
You die...

.................# .##.
.................# .....
...c.............# ≈≈≈..
....?............#
≈§≈≈(###.................#
≈≈≈≈≈........######......#
§>≈§≈.(......#....##'###..
§≈≈≈≈..(######.........#..
≈§≈≈...(#@.............#..
§≈≈....)c...##....##...#..
.#......#...########...#..
#.>....#...# #...#..
#......#...# #...#..
#......#..... #...#..
........'...########...#..
........#+###......#...#..
......... ........#...#..


You could see a centaur.

Vanquished Creatures
  A sky beast (D:5)
  An ice beast (D:6)
  2 centaurs
  A scorpion (D:5)
  A howler monkey (D:5)
  2 crimson imps
  A bullfrog zombie (D:6)
  4 hounds
  An orc wizard (D:4)
  3 orc priests
  An iguana (D:4)
  6 worker ants
  A hound zombie (D:5)
  A hound skeleton (D:4)
  11 adders
  A gnoll (D:4)
  A howler monkey skeleton (D:4)
  A shadow imp (D:5)
  An adder skeleton (D:4)
  A worm (D:2)
  3 dart slugs
  2 leopard geckos
  16 orcs
  9 giant cockroaches
  9 goblins
  14 hobgoblins
  22 jackals
  2 ball pythons
  10 bats
  8 frilled lizards
  6 kobolds
  A leopard gecko skeleton (D:5)
  5 rats
149 creatures vanquished.

Notes
Turn   | Place    | Note
-------+----------+-------------------------------------------
     0 | D:1      | Garbasso the Octopode Fighter began the quest for the Orb.
     0 | D:1      | Reached XP level 1. HP: 16/16 MP: 1/1
   152 | D:1      | Reached XP level 2. HP: 11/21 MP: 2/2
   571 | D:1      | Reached XP level 3. HP: 22/26 MP: 3/3
  1328 | D:2      | Reached XP level 4. HP: 27/31 MP: 4/4
  1387 | D:2      | Noticed Sigmund
  2541 | D:3      | Reached XP level 5. HP: 34/36 MP: 5/5
  3831 | D:4      | Reached XP level 6. HP: 43/43 MP: 6/6
  4423 | D:4      | Found a snail-covered altar of Cheibriados.
  4423 | D:4      | Found a stormy altar of Qazlal.
  4481 | D:4      | Reached XP level 7. HP: 40/48 MP: 7/7
  4484 | D:4      | Reached skill level 5 in Shields
  5276 | D:5      | Entered Level 5 of the Dungeon
  5319 | D:5      | Reached skill level 5 in Polearms
  5792 | D:5      | Found Emmihow's Gadget Shop.
  5942 | D:5      | Reached XP level 8. HP: 16/54 MP: 8/8
  6540 | D:5      | Found an ancient bone altar of Kikubaaqudgha.
  6547 | D:5      | Found a burning altar of Makhleb.
  6564 | D:5      | Became a worshipper of Makhleb the Destroyer
  6757 | D:6      | Found a staircase to the Ecumenical Temple.
  6779 | D:6      | Reached skill level 1 in Invocations
  6796 | D:6      | Slain by a centaur

Vault maps used:
D:1:      lightli_arrival_chessboard
D:2:      uniq_sigmund
D:3:      roderic_lattice_a
D:4:      cheibrodos_quashed, gammafunk_temple_overflow_wave,
          cheibrodos_gnoll_hut
D:5:      minitemple, first_ration, serial_shops, nicolae_shop_crystal
D:6:      minmay_temple_entry_mist, uniq_menkaure

Skill      XL: |  1  2  3  4  5  6  7  8 |
---------------+-------------------------+-----
Polearms       | 3 4 5 6 |  6.1
Shields        | 4 5 6 |  6.3
Fighting       | 4 |  4.9
Dodging        | 4 |  4.9
Invocations    | 1 |  1.0

Action                   |  1- 3 |  4- 6 |  7- 9 || total
-------------------------+-------+-------+-------++-------
Melee: Trident           |    81 |   156 |   114 ||   351
       Constrict         |    10 |    44 |    21 ||    75
       Tentacles         |     6 |    29 |    28 ||    63
 Fire: Hunting sling     |       |    20 |    36 ||    56
Throw: Stone             |     6 |     8 |     7 ||    21
  Use: Scroll            |       |    12 |       ||    12
       Potion            |       |       |     2 ||     2
 Stab: Sleeping          |     7 |     7 |     1 ||    15
  Eat: Chunk             |     1 |    10 |     8 ||    19
Armor: Skin              |     6 |     1 |     2 ||     9
Dodge: Dodged            |    33 |    57 |    38 ||   128
Block: Shield            |    26 |    40 |    35 ||   101

Table legend:
 A = Non-vault XP
 B = Vault XP
 C = Vault XP percentage of total XP
 D = Non-vault monster count
 E = Vault monster count
 F = Vault count percentage of total count
                 A         B        C        D         E       F
            +---------+---------+-------+---------+---------+-------
      Total |    1673 |     102 |   5.7 |     146 |       3 |   2.0
            +---------+---------+-------+---------+---------+-------
        D:1 |      42 |       0 |   0.0 |      21 |       0 |   0.0
        D:2 |      93 |       0 |   0.0 |      30 |       0 |   0.0
        D:3 |     149 |       0 |   0.0 |      37 |       0 |   0.0
        D:4 |     395 |     102 |  20.5 |      28 |       3 |   9.7
        D:5 |     633 |       0 |   0.0 |      25 |       0 |   0.0
        D:6 |     361 |       0 |   0.0 |       5 |       0 |   0.0
            +---------+---------+-------+---------+---------+-------
